 Dungeon Crawl Stone Soup version 0.20.1-1-g8b1a95d (webtiles) character file.

79 vineage the Skirmisher (level 4, 0/37 HPs)
             Began as a Demonspawn Abyssal Knight on July 23, 2017.
             Was a Believer of Lugonu.
             Succumbed to an adder's poison
             ... on level 3 of the Dungeon.
             The game lasted 00:05:03 (2085 turns).

vineage the Skirmisher (Demonspawn Abyssal Knight)  Turns: 2085, Time: 00:05:04

Health: 0/37       AC:  2    Str: 13    XL:     4   Next: 16%
Magic:  1/5        EV: 11    Int: 14    God:    Lugonu [**....]
Gold:   73         SH:  0    Dex: 12    Spells: 3/3 levels left

rFire    . . .     SeeInvis .   a - +1 hand axe
rCold    . . .     Gourm    .   (no shield)
rNeg     . . .     Faith    .   e - -1 leather armour (curse)
rPois    .         Spirit   +   (no helmet)
rElec    .         Reflect  .   (no cloak)
rCorr    .         Harm     .   (no gloves)
MR       .....                  (no boots)
Stlth    +.........             (no amulet)
Regen    0.2/turn               (no ring)
MPRegen  0.1/turn               (no ring)

@: lethally poisoned (0 -> -1)
A: magic shield
a: Depart the Abyss, Bend Space, Renounce Religion


You were on level 3 of the Dungeon.
You worshipped Lugonu.
Lugonu was pleased with you.
You were not hungry.

You visited 1 branch of the dungeon, and saw 3 of its levels.
You visited the Abyss 1 time.

You collected 73 gold pieces.

Inventory:

Hand Weapons
 a - a +1 hand axe (weapon)
Armour
 b - a +0 leather armour
 e - a cursed -1 leather armour (worn)
Scrolls
 h - a scroll of remove curse
Potions
 d - 3 potions of ambrosia
Comestibles
 c - 4 bread rations
 i - 4 fruits


   Skills:
 + Level 3.7 Fighting
 + Level 2.8 Axes
 + Level 2.3 Armour
 + Level 1.1 Dodging
 + Level 0.2 Stealth
 + Level 2.5 Invocations


You had 3 spell levels left.
You didn't know any spells.

Dungeon Overview and Level Annotations

Branches:
Dungeon (3/15)

Altars:


Innate Abilities, Weirdness & Mutations

When hurt, damage is shared between your health and your magic reserves.


Message History

You hit the jackal.
You kill the jackal!
Lugonu accepts your kill.
You can now bend space around yourself.
You hit the jackal.
You kill the jackal!
Lugonu accepts your kill.
* * * LOW HITPOINT WARNING * * *
You feel sick.
You closely miss the hobgoblin. The hobgoblin hits you.
You hit the hobgoblin.
The hobgoblin is severely wounded.
The hobgoblin barely misses you. The hobgoblin closely misses you.
You closely miss the hobgoblin.
The hobgoblin is severely wounded.
The hobgoblin closely misses you.
A hobgoblin comes into view.
You hit the hobgoblin.
You kill the hobgoblin!
Lugonu accepts your kill.
You die...

### #.# #.# ##########
## #.# #...[.... . ..#
#$......##.######.#
#........#.##.†...#
#.....##.##..#
####@..####.##..#
#..††...###.##..#
#.#.........#...###
#.................#
#.h.........###...###
#...................#
........#.........####
..g.....><...........#
.#.###.....#.#.##.#.##


You could see a hobgoblin.

Vanquished Creatures
  4 adders
  An ooze (D:1)
  A worm (D:3)
  A dart slug (D:1)
  2 leopard geckos
  A giant cockroach (D:3)
  3 goblins (D:1)
  3 hobgoblins
  4 jackals (D:3)
  2 quokkas (D:2)
  3 bats
  2 frilled lizards
  2 kobolds (D:1)
  5 rats
34 creatures vanquished.

Notes
Turn   | Place    | Note
-------+----------+-------------------------------------------
     0 | Abyss:1  | vineage the Demonspawn Abyssal Knight began the quest for the Orb.
     0 | Abyss:1  | Reached XP level 1. HP: 18/18 MP: 2/2
     0 | Abyss:1  | Found a corrupted altar of Lugonu.
    23 | D:1      | Escaped the Abyss
   332 | D:1      | Gained mutation: When hurt, damage is shared between your health and your magic reserves. [demonic ancestry]
   332 | D:1      | Reached XP level 2. HP: 17/24 MP: 3/3
   840 | D:1      | You fall through a shaft!
   930 | D:2      | Reached XP level 3. HP: 17/29 MP: 2/4
  1190 | D:2      | Reached ** piety under Lugonu
  1190 | D:2      | Reached skill level 1 in Dodging
  2058 | D:3      | Reached XP level 4. HP: 16/37 MP: 3/5
  2081 | D:3      | HP: 1/37 [poisoned by an adder]
  2085 | D:3      | Succumbed to an adder's poison

Skill      XL: |  1  2  3 |
---------------+----------+-----
Armour         | 2 |  2.3
Axes           | 2 |  2.8
Dodging        | 1 |  1.1
Fighting       | |  3.7
Stealth        | |  0.2
Invocations    | |  2.5

Action                   |  1- 3 |  4- 6 || total
-------------------------+-------+-------++-------
Melee: Hand axe          |   113 |    12 ||   125
  Use: Potion            |     4 |       ||     4
       Scroll            |     2 |       ||     2
  Eat: Bread ration      |     1 |       ||     1
Armor: Leather armour    |    37 |       ||    37
Dodge: Dodged            |    79 |     7 ||    86
